 Dungeon Crawl Stone Soup version 0.26.0-57-g60708a5e39 (webtiles) character file.

Game seed: 13522104622275146624

1215 H0rd4k the Insei (level 8, -2/49 HPs)
             Began as an Octopode Transmuter on Feb 1, 2021.
             Killed by divine providence
             ... invoked by an orc priest
              (13 damage)
             ... on level 6 of the Dungeon.
             The game lasted 00:07:48 (6166 turns).

H0rd4k the Insei (Octopode Transmuter)              Turns: 6166, Time: 00:07:48

Health: -2/49      AC:  2    Str: 10    XL:     8   Next: 46%
Magic:  10/12      EV: 21    Int: 17    God:
Gold:   292        SH:  0    Dex: 17    Spells: 8/12 levels left

rFire    . . .     SeeInvis .     - Unarmed
rCold    . . .     Faith    .   (shield currently unavailable)
rNeg     . . .     Spirit   .   (helmet currently unavailable)
rPois    x         Reflect  .   (no amulet)
rElec    .         Harm     .   (no ring)
rCorr    .         Rampage  .   (no ring)
Will     .....                  (no ring)
Stlth    ++++......             (no ring)
HPRegen  0.16/turn              (no ring)
MPRegen  0.13/turn              (no ring)
                                (no ring)
                                (no ring)

@: spider-form (expiring)
A: tiny, almost no armour, stealthy swim, (amphibious), 8 rings, (constrict 8)
a: End Transformation


You were on level 6 of the Dungeon.
You were a venomous arachnid creature.
You visited 1 branch of the dungeon, and saw 6 of its levels.

You collected 292 gold pieces.

Inventory:

Hand Weapons
 z - a +3 hunting sling
Missiles
 e - 14 poisoned darts
Wands
 o - a wand of acid (3)
 x - a wand of random effects (17)
 y - a wand of iceblast (8)
Scrolls
 a - 2 scrolls of magic mapping
 d - a scroll of fear {unknown}
 f - 2 scrolls of teleportation
 g - a scroll of immolation
 m - a scroll of noise {unknown}
 p - a scroll of random uselessness {unknown}
 q - a scroll of amnesia {unknown}
 s - a scroll of fog {unknown}
 t - 2 scrolls of remove curse {unknown}
 w - a scroll of enchant armour {unknown}
Potions
 b - 2 potions of attraction
 c - 4 potions of curing
 h - a potion of resistance {unknown}
 i - 3 potions of degeneration
 j - a potion of might {unknown}
 l - 3 potions of lignification
 n - 3 potions of magic
 r - a potion of cancellation {unknown}
 u - a potion of brilliance {unknown}


   Skills:
 + Level 1.7 Fighting
 + Level 3.5 Dodging
 + Level 7.0 Stealth
 + Level 7.0 Unarmed Combat
 + Level 2.9 Spellcasting
 + Level 3.3 Transmutations
 + Level 1.1 Poison Magic
 + Level 1.9 Evocations


You had 8 spell levels left.
You knew the following spells:

 Your Spells              Type           Power        Failure   Level
a - Beastly Appendage     Tmut           26%          14%         1
b - Spider Form           Tmut/Pois      5%           43%         3

Your spell library contained the following spells:

 Spells                   Type           Power        Failure   Level
 Wereblood                Tmut           13%          19%         2
 Ice Form                 Ice/Tmut       8%           83%         4
 Blade Hands              Tmut           6%           90%         5


Dungeon Overview and Level Annotations

Branches:
Dungeon (6/15)
 Temple: D:4-7

Altars:
Cheibriados
Dithmenos
Elyvilon
Zin

Annotations:
D:3 1 runed translucent door, exclusion: door, feorh's ghost, amateur TrBe
D:5 exclusion: 2 downstairs
D:6 exclusion: upstairs, Eustachio


Innate Abilities, Weirdness & Mutations

You cannot wear most types of armour.
You are very stealthy in the water. (Stealth+)
((You are amphibious.))
You can wear up to eight rings at the same time.
((You can use your tentacles to constrict eight enemies at once.))
((Your skin changes colour to match your surroundings (Stealth+).))
((Your rubbery body absorbs attacks. (AC +1, EV +1)))


Message History

Beogh smites you!
* * * LOW HITPOINT WARNING * * *
You barely miss the orc priest. You bite the orc warrior!
The orc warrior is poisoned.
The orc warrior is moderately wounded.
Your transformation is almost over.
Eustachio gestures wildly while chanting.
Eustachio blinks!
You hit the orc warrior.
The orc warrior looks as sick as possible!
The orc warrior is moderately wounded.
The orc warrior closely misses you.
The orc priest mumbles some strange prayers to Beogh against you.
Beogh smites you!
* * * LOW HITPOINT WARNING * * *
You feel better.
The orc priest looks satisfied for a moment.
The orc priest invokes the aid of Beogh against you.
Beogh smites you!
You die...

#. ### #.. .... #.. ####.....
#... ##........ #...## ###).#
##..... #...##
...W.#.#####s###.
#.....†<#.o.# ..
#.......#.###.##
##.###...o....... #.
##.W.o....#.. #.##.....#####
. #.##....## ########...
#######........# #..........
#......o#.#....####o.........


You could see a phantom, an orc warrior (extremely poisoned) and an orc priest.

Vanquished Creatures
  Menkaure (D:6)
  A black bear (D:4)
  A phantom (D:4)
  2 ogres
  A centaur (D:5)
  2 bullfrogs
  Blork the orc (D:6)
  A scorpion (D:2)
  A howler monkey (D:6)
  2 orc priests (D:3)
  2 bullfrog skeletons
  2 worker ants
  A killer bee zombie (D:6)
  10 adders
  A shadow imp (D:6)
  An ooze (D:4)
  5 worms
  3 dart slugs
  2 leopard geckos
  11 orcs
  5 giant cockroaches
  9 goblins
  9 hobgoblins
  8 jackals
  8 kobolds
  2 quokkas (D:3)
  A ball python (D:4)
  5 bats
  A frilled lizard (D:2)
  A quokka zombie (D:5)
  4 rats
104 creatures vanquished.

Notes
Turn   | Place    | Note
-------+----------+-------------------------------------------
     0 | D:1      | H0rd4k the Octopode Transmuter began the quest for the Orb.
     0 | D:1      | Reached XP level 1. HP: 13/13 MP: 3/3
    84 | D:1      | Reached XP level 2. HP: 11/18 MP: 5/5
  1126 | D:1      | Reached skill level 1 in Stealth
  1234 | D:1      | Reached XP level 3. HP: 23/23 MP: 6/6
  1500 | D:2      | Found a shadowy altar of Dithmenos.
  1930 | D:2      | Reached XP level 4. HP: 19/28 MP: 7/7
  1934 | D:2      | Learned a level 3 spell: Spider Form
  2208 | D:2      | Found a white marble altar of Elyvilon.
  2229 | D:2      | Reached XP level 5. HP: 29/33 MP: 8/8
  2694 | D:3      | Found a glowing silver altar of Zin.
  2963 | D:3      | Found a runed translucent door.
  3131 | D:3      | Reached XP level 6. HP: 37/38 MP: 7/9
  3199 | D:3      | Reached skill level 5 in Unarmed Combat
  3536 | D:3      | Noticed feorh's ghost (amateur TrBe)
  3988 | D:4      | Noticed a phantom
  4050 | D:4      | Killed a phantom
  4051 | D:4      | Reached XP level 7. HP: 23/43 MP: 10/10
  4206 | D:4      | Reached skill level 5 in Stealth
  4900 | D:5      | Entered Level 5 of the Dungeon
  4936 | D:5      | Noticed a torpor snail
  5438 | D:5      | Found a snail-covered altar of Cheibriados.
  5438 | D:5      | Noticed a torpor snail
  5438 | D:5      | Noticed a torpor snail
  5676 | D:6      | Noticed Menkaure
  5680 | D:6      | Killed Menkaure
  5681 | D:6      | Reached skill level 1 in Poison Magic
  5681 | D:6      | Reached XP level 8. HP: 48/48 MP: 12/12
  5730 | D:6      | Noticed Blork the orc
  5737 | D:6      | Killed Blork the orc
  5738 | D:6      | Reached skill level 1 in Evocations
  5826 | D:6      | Noticed Eustachio
  6164 | D:6      | HP: 1/49 [orc priest/divine providence (13)]
  6166 | D:6      | Killed from afar by an orc priest

Illustrated notes

Levels and vault maps discovered:
D:1:      wander_arrival_chamber, layout_basic
D:2:      layout_basic, elyvilon_altar_3, nicolae_dithmenos_shadow_blocks
D:3:      layout_loops_ring, nicolae_overflow_crystal_walls,
          ebering_ghost_inner_flame, minmay_misc_feat_columns
D:4:      layout_basic, corexii_checkpoint_a, serial_bayou_lake_a
D:5:      layout_rooms, minmay_crystal_water, cheibriados_altar_2
D:6:      layout_rooms, minmay_temple_entry_butterflies, uniq_menkaure,
          uniq_eustachio, uniq_blork_the_orc

Skill      XL: |  1  2  3  4  5  6  7  8 |
---------------+-------------------------+-----
Stealth        | 1 2 4 5 7 |  7.0
Unarmed Combat | 4 5 6 7 |  7.0
Dodging        | 3 |  3.5
Transmutations | 3 |  3.3
Poison Magic   | 1 |  1.1
Evocations     | 1 |  1.9
Fighting       | |  1.7
Spellcasting   | |  2.9

Action                   |  1- 3 |  4- 6 |  7- 9 || total
-------------------------+-------+-------+-------++-------
Melee: Unarmed           |    81 |   136 |    63 ||   280
       Constrict         |    20 |    25 |    13 ||    58
       Tentacles         |    13 |    23 |    12 ||    48
       Punch             |     1 |     4 |     2 ||     7
       Kick              |       |     8 |     6 ||    14
 Cast: Spider Form       |       |     2 |     3 ||     5
       Beastly Appendage |       |     5 |     5 ||    10
Evoke: Wand              |       |       |     7 ||     7
  Use: Scroll            |       |       |     8 ||     8
       Potion            |       |       |     2 ||     2
 Stab: Sleeping          |     6 |     7 |     5 ||    18
Armor: Skin              |     3 |     3 |     4 ||    10
Dodge: Dodged            |    37 |    79 |    46 ||   162
